AAA
EVANSVILLE TRIPLETS @ TUCSON SIDEWINDERS
07/23/2052
 
TOP OF THE 1ST
El Paso Chihuahuas batting - Pitching for Omaha Storm Chasers : RHP Noel Lin
Pitching: RHP Noel Lin
Batting: LHB Jace Payne 0-0: Ball
1-0: SINGLE (Groundball, 4MS, EV 76.9 MPH) (infield hit)
Batting: RHB Shannan Bjork 0-0: Ball
1-0: Foul Ball, location: 2F
1-1: DOUBLE (Line Drive, 89M, EV 96.2 MPH)
Jace Payne to third
Batting: LHB Hernando Rodríguez 0-0: Called Strike
0-1: Fly out, F9 (Flyball, 9S, EV 88.1 MPH)
Batting: RHB Danny Carrillo 0-0: Called Strike
0-1: Ball
1-1: SINGLE (Groundball, 56D, EV 99.4 MPH) (infield hit)
Jace Payne scores
Shannan Bjork to third
Pinch Runner at 1st Hayden Spease:
Batting: RHB Edwin Gonzalez 0-0: Ball
1-0: Ball
2-0: Ball
3-0: Called Strike
3-1: Grounds into double play, 4-6-3 (Groundball, 4S, EV 82.5 MPH)
Top of the 1st over - 1 run, 3 hits, 0 errors, 1 left on base; El Paso 1 - Omaha 0
BOTTOM OF THE 1ST
Omaha Storm Chasers batting - Pitching for El Paso Chihuahuas : RHP Isaiah Cartina
Pitching: RHP Isaiah Cartina
Now in CF: Jace Payne
Now in RF: Hayden Spease
Batting: LHB Doug Adkins 0-0: Foul Ball, location: 2F
0-1: Called Strike
0-2: Ball
1-2: Reached on error, E4 (Groundball, 4, EV 90.0 MPH)
Batting: RHB Sergio Colon 0-0: Foul Ball, location: 2F
0-1: Ball
1-1: SINGLE (Groundball, 4MD, EV 83.1 MPH) (infield hit)
Doug Adkins to third
Batting: RHB Nate Conston 0-0: Called Strike
0-1: Foul Ball, location: 2F
0-2: Ball
Sergio Colon steals 2nd base
1-2: Ball
2-2: Foul Ball, location: 2F
2-2: Foul Ball, location: 2F
2-2: Ball
3-2: Foul Ball, location: 2F
3-2: Fly out, F8 (Flyball, 78XD, EV 98.8 MPH)
Runner from 3rd tags up, SCORES, no throw by CF
Sergio Colon to third
Batting: RHB Germain Ulleri 0-0: Foul Ball, location: 2F
0-1: Ball
1-1: Called Strike
1-2: Ball
2-2: Hit by Pitch
Batting: LHB Craig Gipson 0-0: Fly out, F7 (Flyball, 7LS, EV 88.1 MPH)
Runner from 3rd tags up, SCORES, throw by LF
Batting: RHB Gabe Dixon 0-0: Called Strike
0-1: Ball
1-1: Called Strike
1-2: Foul Ball, location: 2F
1-2: Fielders Choice at 2nd, 6-4 (Groundball, 6, EV 84.4 MPH)
Bottom of the 1st over - 2 runs, 1 hit, 1 error, 1 left on base; El Paso 1 - Omaha 2
TOP OF THE 2ND
El Paso Chihuahuas batting - Pitching for Omaha Storm Chasers : RHP Noel Lin
Batting: LHB Oliver Barrett 0-0: Ball
1-0: Ground out 6-3 (Groundball, 6, EV 106.9 MPH)
Batting: RHB Juan Cabriales 0-0: Ball
1-0: Called Strike
1-1: Foul Ball, location: 2F
1-2: Foul Ball, location: 2F
1-2: Ball
2-2: Foul Ball, location: 2F
2-2: SINGLE (Groundball, 4MD, EV 108.1 MPH)
Batting: RHB Israel Soto 0-0: Swinging Strike
0-1: SINGLE (Groundball, 34D, EV 98.1 MPH)
Juan Cabriales to second
Runner from 2nd tries for 3rd, SAFE, no throw by RF
Batting: RHB Val Arias 0-0: Ball
1-0: Foul Ball, location: 2F
1-1: Ball
2-1: Foul Ball, location: 2F
2-2: Ball
3-2: DOUBLE (Groundball, 3L, EV 105.6 MPH)
Juan Cabriales scores
Israel Soto to third
Runner from 3rd tries for Home, SAFE, no throw by RF
Batting: LHB Jace Payne 0-0: Ball
1-0: Ball
Val Arias steals 3rd base
2-0: DOUBLE (Groundball, 5L, EV 98.8 MPH)
Val Arias scores
Batting: RHB Shannan Bjork 0-0: Foul Ball, location: 2F
0-1: Ball
1-1: Swinging Strike
1-2: DOUBLE (Line Drive, 89M, EV 95.0 MPH)
Jace Payne scores
Batting: LHB Hernando Rodríguez 0-0: Ball
1-0: Ball
2-0: SINGLE (Groundball, 4S, EV 74.4 MPH) (infield hit)
Shannan Bjork to third
Pitching: RHP Jacob Irwin
Batting: LHB Hayden Spease 0-0: Ball
1-0: Ball
2-0: Ball
3-0: Base on Balls
Hernando Rodríguez to second
Batting: RHB Edwin Gonzalez 0-0: SINGLE (Groundball, 4M, EV 96.9 MPH)
Shannan Bjork scores
Hernando Rodríguez to third
Hayden Spease to second
Runner from 3rd tries for Home, SAFE, throw by CF to home
Batting: LHB Oliver Barrett 0-0: Ball
Wild Pitch!
Hayden Spease to third
Edwin Gonzalez to second
1-0: Foul Ball, location: 2F
1-1: Foul Ball, location: 2F
1-2: Ball
2-2: Ball
3-2: SINGLE (Flyball, 4D, EV 90.0 MPH)
Hayden Spease scores
Edwin Gonzalez to third
Batting: RHB Juan Cabriales 0-0: Called Strike
0-1: Called Strike
0-2: Foul Ball, location: 2F
0-2: Strikes out swinging
Batting: RHB Israel Soto 0-0: Fielders Choice at 2nd, 6-4 (Groundball, 56, EV 80.0 MPH)
Top of the 2nd over - 7 runs, 8 hits, 0 errors, 2 left on base; El Paso 8 - Omaha 2
BOTTOM OF THE 2ND
Omaha Storm Chasers batting - Pitching for El Paso Chihuahuas : RHP Isaiah Cartina
Batting: SHB Lorenzo Figueroa 0-0: Foul Ball, location: 2F
0-1: Ball
1-1: Ground out 5-3 (Groundball, 56, EV 102.5 MPH)
Batting: LHB David Galbraith 0-0: Foul Ball, location: 2F
0-1: Ball
1-1: Ball
2-1: Foul Ball, location: 2F
2-2: Ball
3-2: Foul Ball, location: 2F
3-2: Foul Ball, location: 2F
3-2: Foul Ball, location: 2F
3-2: Fly out, F8 (Flyball, 8LD, EV 104.4 MPH)
Batting: SHB Joaquin Campos 0-0: Foul Ball, location: 2F
0-1: Ball
1-1: Foul Ball, location: 2F
1-2: Strikes out swinging, 2-3 out at first.
Bottom of the 2nd over - 0 runs, 0 hits, 0 errors, 0 left on base; El Paso 8 - Omaha 2
TOP OF THE 3RD
El Paso Chihuahuas batting - Pitching for Omaha Storm Chasers : RHP Jacob Irwin
Batting: RHB Val Arias 0-0: Called Strike
0-1: Ball
1-1: Foul Ball, location: 2F
1-2: Strikes out swinging
Batting: LHB Jace Payne 0-0: Ball
1-0: Ball
2-0: Called Strike
2-1: SINGLE (Groundball, 4MD, EV 106.9 MPH)
Batting: RHB Shannan Bjork 0-0: Swinging Strike
0-1: Ball
1-1: Called Strike
1-2: Strikes out swinging
Batting: LHB Hernando Rodríguez 0-0: Fly out, F8 (Line Drive, 8RD, EV 91.9 MPH)
Top of the 3rd over - 0 runs, 1 hit, 0 errors, 1 left on base; El Paso 8 - Omaha 2
BOTTOM OF THE 3RD
Omaha Storm Chasers batting - Pitching for El Paso Chihuahuas : RHP Isaiah Cartina
Batting: LHB Doug Adkins 0-0: Ball
1-0: Ground out 6-3 (Groundball, 6, EV 111.2 MPH)
Batting: RHB Sergio Colon 0-0: Swinging Strike
0-1: Ball
1-1: SINGLE (Line Drive, 56, EV 108.1 MPH)
Batting: RHB Nate Conston 0-0: Called Strike
0-1: Foul Ball, location: 2F
0-2: Ball
1-2: Strikes out looking
Batting: RHB Germain Ulleri 0-0: Called Strike
Sergio Colon steals 2nd base (no throw)
0-1: Ball
1-1: Ground out 4-3 (Groundball, 4, EV 81.9 MPH)
Bottom of the 3rd over - 0 runs, 1 hit, 0 errors, 1 left on base; El Paso 8 - Omaha 2
TOP OF THE 4TH
El Paso Chihuahuas batting - Pitching for Omaha Storm Chasers : RHP Jacob Irwin
Batting: LHB Hayden Spease 0-0: Ball
1-0: Ball
2-0: Ball
3-0: Called Strike
3-1: Ground out 5-3 (Groundball, 5L, EV 82.5 MPH)
Batting: RHB Edwin Gonzalez 0-0: Ball
1-0: Called Strike
1-1: Ground out U3 (Groundball, 34S, EV 72.5 MPH)
Batting: LHB Oliver Barrett 0-0: Called Strike
0-1: Ball
1-1: Ground out 4-3 (Groundball, 4, EV 87.5 MPH)
Top of the 4th over - 0 runs, 0 hits, 0 errors, 0 left on base; El Paso 8 - Omaha 2
BOTTOM OF THE 4TH
Omaha Storm Chasers batting - Pitching for El Paso Chihuahuas : RHP Isaiah Cartina
Batting: LHB Craig Gipson 0-0: Foul Ball, location: 2F
0-1: Called Strike
0-2: Ball
1-2: Fly out, F8 (Flyball, 8LXD, EV 103.1 MPH)
Batting: RHB Gabe Dixon 0-0: SOLO HOME RUN (Flyball, 7D, EV 93.1 MPH), Distance : 355 ft
Batting: SHB Lorenzo Figueroa 0-0: Swinging Strike
0-1: Called Strike
0-2: Ball
1-2: Strikes out swinging
Batting: LHB David Galbraith 0-0: Called Strike
0-1: Swinging Strike
0-2: Ball
1-2: Fly out, F8 (Flyball, 8RM, EV 94.4 MPH)
Bottom of the 4th over - 1 run, 1 hit, 0 errors, 0 left on base; El Paso 8 - Omaha 3
TOP OF THE 5TH
El Paso Chihuahuas batting - Pitching for Omaha Storm Chasers : RHP Jacob Irwin
Batting: RHB Juan Cabriales 0-0: Foul Ball, location: 2F
0-1: Foul Ball, location: 2F
0-2: Ball
1-2: Foul Ball, location: 2F
1-2: Ball
2-2: Ball
3-2: Foul Ball, location: 2F
3-2: Base on Balls
Batting: RHB Israel Soto 0-0: Foul Ball, location: 2F
0-1: Hit by Pitch
Juan Cabriales to second
Batting: RHB Val Arias 0-0: Ball
1-0: Bunted foul
1-1: Bunted foul
1-2: Fielders Choice at 2nd, 3-6 (Groundball, 3, EV 87.5 MPH)
Juan Cabriales to third
Pitching: RHP Paul Skelly
Batting: LHB Jace Payne 0-0: Ball
Wild Pitch!
Juan Cabriales scores
Val Arias to second
1-0: Ball
2-0: Swinging Strike
2-1: Ball
3-1: Base on Balls
Batting: RHB Shannan Bjork 0-0: Ball
1-0: Foul Ball, location: 2F
1-1: Swinging Strike
1-2: Ball
2-2: Strikes out swinging
Batting: LHB Hernando Rodríguez 0-0: Called Strike
0-1: Fielders Choice at 2nd, U4 (Groundball, 4M, EV 88.1 MPH)
Top of the 5th over - 1 run, 0 hits, 0 errors, 2 left on base; El Paso 9 - Omaha 3
BOTTOM OF THE 5TH
Omaha Storm Chasers batting - Pitching for El Paso Chihuahuas : RHP Isaiah Cartina
Batting: SHB Joaquin Campos 0-0: Foul Ball, location: 2F
0-1: Foul Ball, location: 2F
0-2: Ball
1-2: Ball
2-2: SINGLE (Line Drive, 9S, EV 108.1 MPH)
Batting: LHB Doug Adkins 0-0: Fly out, F2 (Popup, 5SF, EV 84.4 MPH)
Batting: RHB Sergio Colon 0-0: Called Strike
Joaquin Campos is caught stealing 2nd base 2-4
0-1: Swinging Strike
0-2: Fly out, F8 (Flyball, 78D, EV 100.0 MPH)
Bottom of the 5th over - 0 runs, 1 hit, 0 errors, 0 left on base; El Paso 9 - Omaha 3
TOP OF THE 6TH
El Paso Chihuahuas batting - Pitching for Omaha Storm Chasers : RHP Paul Skelly
Batting: LHB Hayden Spease 0-0: Foul Ball, location: 2F
0-1: Ball
1-1: Fly out, F9 (Line Drive, 9, EV 105.6 MPH)
Batting: RHB Edwin Gonzalez 0-0: Called Strike
0-1: Hit by Pitch
Batting: LHB Oliver Barrett 0-0: Called Strike
0-1: Ball
1-1: Fly out, F9 (Line Drive, 89M, EV 90.0 MPH)
Batting: RHB Juan Cabriales 0-0: Ball
1-0: Ball
2-0: Fly out, F9 (Flyball, 9, EV 93.1 MPH)
Top of the 6th over - 0 runs, 0 hits, 0 errors, 1 left on base; El Paso 9 - Omaha 3
BOTTOM OF THE 6TH
Omaha Storm Chasers batting - Pitching for El Paso Chihuahuas : RHP Isaiah Cartina
Batting: RHB Nate Conston 0-0: Called Strike
0-1: Foul Ball, location: 2F
0-2: Foul Ball, location: 2F
0-2: Ball
1-2: Ball
2-2: Foul Ball, location: 2F
2-2: Ball
3-2: Fly out, F8 (Flyball, 89D, EV 98.8 MPH)
Batting: RHB Germain Ulleri 0-0: Called Strike
0-1: Fly out, F8 (Flyball, 89S, EV 90.0 MPH)
Batting: LHB Craig Gipson 0-0: Called Strike
0-1: SINGLE (Line Drive, 5D, EV 95.0 MPH)
Batting: RHB Gabe Dixon 0-0: Called Strike
0-1: Ball
1-1: Called Strike
Craig Gipson steals 2nd base
1-2: Fly out, F7 (Flyball, 7LS, EV 75.6 MPH)
Bottom of the 6th over - 0 runs, 1 hit, 0 errors, 1 left on base; El Paso 9 - Omaha 3
TOP OF THE 7TH
El Paso Chihuahuas batting - Pitching for Omaha Storm Chasers : RHP Paul Skelly
Batting: RHB Israel Soto 0-0: Foul Ball, location: 2F
0-1: Ball
1-1: Ground out 5-3 (Groundball, 56, EV 88.1 MPH)
Batting: RHB Val Arias 0-0: Called Strike
0-1: Ball
1-1: Swinging Strike
1-2: Foul Ball, location: 2F
1-2: SINGLE (Flyball, 5D, EV 101.2 MPH)
Batting: LHB Jace Payne 0-0: Called Strike
0-1: Ball
1-1: Ball
2-1: Foul Ball, location: 2F
2-2: Strikes out swinging
Batting: RHB Shannan Bjork 0-0: Foul Ball, location: 2F
0-1: Swinging Strike
0-2: Strikes out swinging
Top of the 7th over - 0 runs, 1 hit, 0 errors, 1 left on base; El Paso 9 - Omaha 3
BOTTOM OF THE 7TH
Omaha Storm Chasers batting - Pitching for El Paso Chihuahuas : RHP Isaiah Cartina
Batting: SHB Lorenzo Figueroa 0-0: Ball
1-0: Ball
2-0: Foul Ball, location: 2F
2-1: Ball
3-1: Foul Ball, location: 2F
3-2: Strikes out swinging
Batting: LHB David Galbraith 0-0: Ball
1-0: Called Strike
1-1: Ground out 6-3 (Groundball, 6D, EV 98.8 MPH)
Batting: SHB Joaquin Campos 0-0: Ball
1-0: Ground out 4-3 (Groundball, 34, EV 99.4 MPH)
Bottom of the 7th over - 0 runs, 0 hits, 0 errors, 0 left on base; El Paso 9 - Omaha 3
TOP OF THE 8TH
El Paso Chihuahuas batting - Pitching for Omaha Storm Chasers : RHP Paul Skelly
Batting: LHB Hernando Rodríguez 0-0: Called Strike
0-1: Ball
1-1: Swinging Strike
1-2: Foul Ball, location: 2F
1-2: Ball
2-2: Strikes out looking
Batting: LHB Hayden Spease 0-0: Ball
1-0: Ball
2-0: Called Strike
2-1: Foul Ball, location: 2F
2-2: Strikes out swinging
Batting: RHB Edwin Gonzalez 0-0: Called Strike
0-1: Foul Ball, location: 2F
0-2: Ball
1-2: Fly out, F7 (Line Drive, 7, EV 111.9 MPH)
Top of the 8th over - 0 runs, 0 hits, 0 errors, 0 left on base; El Paso 9 - Omaha 3
BOTTOM OF THE 8TH
Omaha Storm Chasers batting - Pitching for El Paso Chihuahuas : RHP Isaiah Cartina
Pitching: RHP Eric Cox
Batting: LHB Doug Adkins 0-0: Called Strike
0-1: Ground out 6-3 (Groundball, 6, EV 88.1 MPH)
Batting: RHB Sergio Colon 0-0: Ball
1-0: Fly out, F7 (Line Drive, 7, EV 90.0 MPH)
Batting: RHB Nate Conston 0-0: Ball
1-0: Ball
2-0: Ball
3-0: Base on Balls
Batting: RHB Germain Ulleri 0-0: Ball
1-0: Foul Ball, location: 2F
1-1: Ball
2-1: Fly out, F8 (Flyball, 8LM, EV 91.2 MPH)
Bottom of the 8th over - 0 runs, 0 hits, 0 errors, 1 left on base; El Paso 9 - Omaha 3
TOP OF THE 9TH
El Paso Chihuahuas batting - Pitching for Omaha Storm Chasers : RHP Paul Skelly
Pitching: RHP Emanuel Avendano
Batting: LHB Oliver Barrett 0-0: Called Strike
0-1: Foul Ball, location: 2F
0-2: Ground out 4-3 (Groundball, 4, EV 78.8 MPH)
Batting: RHB Juan Cabriales 0-0: Ball
1-0: Foul Ball, location: 2F
1-1: Foul Ball, location: 2F
1-2: Fly out, F8 (Flyball, 8LM, EV 96.2 MPH)
Batting: RHB Israel Soto 0-0: Ball
1-0: Ball
2-0: Foul Ball, location: 2F
2-1: Swinging Strike
2-2: Ground out 5-3 (Groundball, 56, EV 84.4 MPH)
Top of the 9th over - 0 runs, 0 hits, 0 errors, 0 left on base; El Paso 9 - Omaha 3
BOTTOM OF THE 9TH
Omaha Storm Chasers batting - Pitching for El Paso Chihuahuas : RHP Eric Cox
Batting: LHB Craig Gipson 0-0: Ball
1-0: Called Strike
1-1: Called Strike
1-2: Foul Ball, location: 2F
1-2: Strikes out swinging
Batting: RHB Gabe Dixon 0-0: Called Strike
0-1: Ball
1-1: Foul Ball, location: 2F
1-2: Ground out 6-3 (Groundball, 6, EV 103.8 MPH)
Batting: SHB Lorenzo Figueroa 0-0: Ball
1-0: Foul Ball, location: 2F
1-1: Called Strike
1-2: Foul Ball, location: 2F
1-2: Ball
2-2: Ball
3-2: Fly out, F7 (Flyball, 7D, EV 101.2 MPH)
Bottom of the 9th over - 0 runs, 0 hits, 0 errors, 0 left on base; El Paso 9 - Omaha 3
Tuesday, April 30th , 2024 - OOTP Baseball 24.11 Build 85